 Dungeon Crawl Stone Soup version 0.29.0-4-gdea44cf6ec (webtiles) character file.

Game seed: 17665903164660689197

1632 qw the Cleaver (level 8, -8/71 HPs)
             Began as a Minotaur Berserker on Sept 8, 2022.
             Was a Believer of Trog.
             Mangled by a gnoll sergeant
             ... wielding a +0 trident
              (10 damage)
             ... on level 7 of the Dungeon.
             The game lasted 00:02:16 (7203 turns).

qw the Cleaver (Minotaur Berserker)                 Turns: 7203, Time: 00:02:17

Health: -8/71      AC:  8    Str: 27    XL:     8   Next: 66%
Magic:  7/7        EV: 10    Int:  3    God:    Trog [**....]
Gold:   319        SH:  0    Dex: 10    Spells: 7/7 levels left

rFire   + . .      SeeInvis +   m - +0 hand axe (vamp)
rCold   . . .      Faith    .   (no shield)
rNeg    . . .      Spirit   .   n - +0 scale mail
rPois   .          Reflect  .   (helmet unavailable)
rElec   .          Harm     .   (no cloak)
rCorr   .          Rampage  .   (no gloves)
Will    .....                   c - +0 pair of boots
Stlth   ..........              (no amulet)
HPRegen 0.21/turn               f - ring of see invisible
MPRegen 0.10/turn               i - ring of protection from fire

@: weakened, on berserk cooldown, slowed, very slow
A: horns 3, retaliatory headbutt, strong 1, evolution 1
a: Renounce Religion, Berserk, Trog's Hand


You were on level 7 of the Dungeon.
You worshipped Trog.
Trog was pleased with you.
You visited 1 branch of the dungeon, and saw 7 of its levels.

You collected 319 gold pieces.


Innate Abilities, Weirdness & Mutations

You have a pair of large horns on your head.
You reflexively headbutt those who attack you in melee.
Your muscles are strong. (Str +4, Int/Dex -1)
You have hidden genetic potential.


   Skills:
 + Level 6.9 Fighting
 - Level 12.0 Axes
 - Level 3.3 Armour
 - Level 2.1 Dodging


You had 7 spell levels left.
You didn't know any spells.
Your spell library was empty.

Inventory:

Hand Weapons
 m - a +0 vampiric hand axe (weapon)
 q - a +0 flail
Armour
 c - a +0 pair of boots (worn)
 n - a +0 scale mail (worn)
Jewellery
 f - a ring of see invisible (left hand)
 i - a ring of protection from fire (right hand)
 k - a ring of see invisible
Scrolls
 e - a scroll of identify
 p - a scroll of brand weapon
Potions
 a - a potion of resistance
 b - 3 potions of haste
 d - a potion of degeneration {unknown}
 h - 5 potions of curing
 j - a potion of mutation
 l - a potion of invisibility {unknown}
 o - a potion of ambrosia {unknown}

Dungeon Overview and Level Annotations

Branches:
Dungeon (7/15)
 Temple: D:4-7

Altars:
Ashenzari
Cheibriados
Gozag
Makhleb
Okawaru
Sif Muna
Trog
The Shining One

Shops:
D:6 [


Message History

The orc wizard closely misses you.
The orc priest looks encouraged for a moment.
The gnoll bouda gazes fiercely through you!
You feel as though you will be weak longer.
The gnoll bouda closely misses you. The gnoll hits you but does no damage.
You hit the orc wizard but do no damage.
Your headbutt misses the orc wizard.
The orc wizard is almost dead.
You hit the gnoll bouda but do no damage.
You hit the gnoll.
You feel better.
You kill the gnoll!
Trog accepts your kill.
You hit the gnoll sergeant but do no damage.
The gnoll sergeant hits you with a +0 trident!
The orc wizard barely misses you.
The gnoll bouda gazes fiercely through you!
You feel as though you will be weak longer.
The orc priest mumbles some strange prayers to Beogh against you.
Beogh smites you! The gnoll bouda barely misses you. You furiously retaliate!
You headbutt the gnoll bouda!
The orc wizard hits you but does no damage.
An orc warrior comes into view. It is wielding a +0 hand axe.
The gnoll sergeant hits you with a +0 trident.
The orc warrior shouts!
You slash the orc wizard!
You feel better.
You kill the orc wizard!
Trog accepts your kill.
Trog appreciates your killing of a magic user.
You hit the gnoll bouda but do no damage.
You hit the gnoll bouda.
You feel better.
You hit the orc priest.
You hit the gnoll sergeant but do no damage.
You hear a shout!
The gnoll bouda hits you but does no damage.
The orc priest hits you but does no damage.
The gnoll bouda gazes fiercely through you!
You feel as though you will be weak longer.
The gnoll bouda hits you with a +0 whip.
A gnoll comes into view. It is wielding a +0 whip.
The gnoll sergeant hits you with a +0 trident!
You die...

~~~~~~....~~~~~~~~~~~~~~~
~~~~~~....~~~~~~~~~~~~~~~
~~~~~~....~~~~~~~~~~~~###
......................# o
#####''''############# ..
#))..# ...)
....#)...#.....
....'..g)'...=.
#######@#######


#Ogog# ...o~~o.. .o...O~g..... g...#....#(.... #####....###### # .[##$$ # ### ##
You could see a two-headed ogre, 2 orc warriors, an ogre, 2 gnoll sergeants, 2
gnoll boudas, 2 orc priests and a gnoll.

Vanquished Creatures
  2 water moccasins
  An orc warrior (D:7)
  2 ogres
  A centaur (D:5)
  A phantom (D:4)
  A bullfrog (D:6)
  A necrophage (D:5)
  A scorpion (D:4)
  A howler monkey (D:7)
  2 jellies (D:6)
  5 hounds
  6 orc priests
  Jessica (D:2)
  3 iguanas
  3 orc wizards
  9 adders
  6 gnolls
  A white imp (D:6)
  An ufetubus (D:4)
  A worm (D:4)
  4 dart slugs
  16 orcs
  6 ball pythons
  4 endoplasms
  3 giant cockroaches
  6 goblins
  6 hobgoblins
  3 jackals (D:2)
  8 kobolds
  6 quokkas
  8 bats
  A frilled lizard (D:1)
  8 rats
128 creatures vanquished.

Notes
Turn   | Place    | Note
-------+----------+-------------------------------------------
     0 | D:1      | qw the Minotaur Berserker began the quest for the Orb.
     0 | D:1      | Reached XP level 1. HP: 19/19 MP: 0/0
     0 | D:1      | 0 ||| qw: Version: 0.1-a-112-g44dc6cd
     0 | D:1      | 0 ||| qw: Game counter: 6699
     0 | D:1      | 0 ||| qw: Always use a shield: true
     0 | D:1      | 0 ||| qw: Do Orc after D:15 true
     0 | D:1      | 0 ||| qw: Do second Lair branch before Depths: true
     0 | D:1      | 0 ||| qw: Lair rune preference: random
     0 | D:1      | 0 ||| qw: Plans: Normal
     0 | D:1      | 0 ||| PLANNING D:1-11
    23 | D:1      | 23 ||| Stepping ~*~*~tactically~*~*~ (stealth).
    26 | D:1      | 26 ||| Stepping ~*~*~tactically~*~*~ (stealth).
    51 | D:1      | Reached skill level 4 in Axes
    62 | D:1      | 62 ||| Stepping ~*~*~tactically~*~*~ (stealth).
    88 | D:1      | 88 ||| Stepping ~*~*~tactically~*~*~ (stealth).
    89 | D:1      | 89 ||| Stepping ~*~*~tactically~*~*~ (stealth).
   208 | D:1      | 208 ||| Stepping ~*~*~tactically~*~*~ (stealth).
   287 | D:1      | 287 ||| Stepping ~*~*~tactically~*~*~ (stealth).
   288 | D:1      | 288 ||| Stepping ~*~*~tactically~*~*~ (stealth).
   296 | D:1      | 296 ||| Stepping ~*~*~tactically~*~*~ (stealth).
   365 | D:1      | Reached XP level 2. HP: 26/26 MP: 1/1
   439 | D:1      | Found a faded altar of an unknown god.
   472 | D:1      | 472 ||| Stepping ~*~*~tactically~*~*~ (stealth).
   473 | D:1      | 473 ||| Stepping ~*~*~tactically~*~*~ (stealth).
   475 | D:1      | 475 ||| Stepping ~*~*~tactically~*~*~ (stealth).
   478 | D:1      | 478 ||| Stepping ~*~*~tactically~*~*~ (stealth).
   483 | D:1      | 483 ||| Stepping ~*~*~tactically~*~*~ (stealth).
   491 | D:1      | 491 ||| Stepping ~*~*~tactically~*~*~ (stealth).
  1125 | D:1      | Reached skill level 5 in Axes
  1129 | D:1      | 1129 ||| Stepping ~*~*~tactically~*~*~ (stealth).
  1204 | D:1      | 1204 ||| UPGRADING to +0 pair of boots.
  1209 | D:1      | 1209 ||| UPGRADING to +0 ring mail.
  1219 | D:1      | 1219 ||| DROPPING +0 animal skin.
  1220 | D:1      | 1220 ||| UPGRADING to ring of see invisible.
  1221 | D:1      | 1221 ||| DROPPING ring of magical power.
  1222 | D:1      | 1222 ||| READING 3 scrolls labelled RILO MAITOEST.
  1223 | D:1      | 1223 ||| READING scroll labelled PAWKOS IPT.
  1224 | D:1      | 1224 ||| READING scroll labelled DATRIDD XOARAG.
  1225 | D:1      | 1225 ||| READING scroll labelled ZIAMYU HITO.
  1226 | D:1      | 1226 ||| READING scroll labelled ICVADO YMO.
  1230 | D:1      | 1230 ||| DRINKING 2 gluggy blue potions.
  1252 | D:1      | 1252 ||| DRINKING 2 black potions.
  1253 | D:1      | 1253 ||| DROPPING 2 scrolls of magic mapping.
  1254 | D:1      | 1254 ||| DROPPING potion of lignification.
  1255 | D:1      | 1255 ||| DROPPING potion of brilliance.
  1278 | D:2      | 1278 ||| STAIRDANCE
  1280 | D:2      | Reached XP level 3. HP: 31/31 MP: 2/2
  1503 | D:2      | Reached ** piety under Trog
  1527 | D:2      | Found a snail-covered altar of Cheibriados.
  1649 | D:2      | Noticed Jessica
  1650 | D:2      | 1650 ||| Stepping ~*~*~tactically~*~*~ (hiding).
  1658 | D:2      | Killed Jessica
  1659 | D:2      | Reached skill level 6 in Axes
  1659 | D:2      | Reached XP level 4. HP: 36/39 MP: 3/3
  1765 | D:2      | 1765 ||| Stepping ~*~*~tactically~*~*~ (stealth).
  1854 | D:2      | 1854 ||| READING 2 scrolls labelled CEJI RIZXIUGI.
  2226 | D:3      | 2226 ||| Stepping ~*~*~tactically~*~*~ (stealth).
  2243 | D:3      | 2243 ||| INVOKING Berserk.
  2250 | D:3      | Reached skill level 7 in Axes
  2250 | D:3      | Reached XP level 5. HP: 45/45 MP: 4/4
  2786 | D:3      | 2786 ||| READING scroll labelled TUG HIODUF.
  2787 | D:3      | 2787 ||| DRINKING 2 yellow potions.
  2788 | D:3      | 2788 ||| READING 2 scrolls of identify.
  2788 | D:3      | 2788 ||| IDENTIFYING ruby potion
  2789 | D:3      | 2789 ||| DROPPING potion of attraction.
  2833 | D:4      | Found an opulent altar of Gozag.
  3018 | D:4      | Found a broken altar of Ashenzari.
  3022 | D:4      | Saw a vision of the Swamp and the Spider Nest.
  3022 | D:4      | Noticed a radroach
  3022 | D:4      | Noticed a redback
  3022 | D:4      | Noticed a redback
  3022 | D:4      | Noticed a vampire mosquito
  3022 | D:4      | Noticed an alligator
  3022 | D:4      | Noticed a demonic crawler
  3022 | D:4      | Noticed a broodmother
  3022 | D:4      | Noticed a jumping spider
  3022 | D:4      | Noticed a ghost crab
  3022 | D:4      | Noticed a jumping spider
  3022 | D:4      | Noticed a redback
  3022 | D:4      | Noticed a demonic crawler
  3023 | D:4      | Noticed a redback
  3023 | D:4      | Noticed a steelbarb worm
  3023 | D:4      | Noticed a radroach
  3023 | D:4      | Noticed a boulder beetle
  3024 | D:4      | Noticed a redback
  3024 | D:4      | Noticed a goliath frog
  3024 | D:4      | Noticed a tarantella
  3026 | D:4      | Noticed a sun moth
  3026 | D:4      | Noticed a torpor snail
  3027 | D:4      | Noticed a tarantella
  3094 | D:4      | Reached skill level 8 in Axes
  3094 | D:4      | Reached XP level 6. HP: 52/52 MP: 5/5
  3431 | D:4      | Found a burning altar of Makhleb.
  3837 | D:4      | Found a shimmering blue altar of Sif Muna.
  4071 | D:4      | 4071 ||| READING 2 scrolls labelled OMAGAQ KUXUURA.
  4072 | D:4      | 4072 ||| READING scroll labelled QETECO PYID.
  4073 | D:4      | 4073 ||| DRINKING 2 dark potions.
  4178 | D:4      | 4178 ||| DROPPING potion of berserk rage.
  4179 | D:4      | 4179 ||| DROPPING scroll of butterflies.
  4224 | D:5      | Entered Level 5 of the Dungeon
  4225 | D:5      | 4225 ||| Stepping ~*~*~tactically~*~*~ (hiding).
  4235 | D:5      | Reached skill level 9 in Axes
  4401 | D:5      | 4401 ||| Stepping ~*~*~tactically~*~*~ (hiding).
  4402 | D:5      | 4402 ||| Stepping ~*~*~tactically~*~*~ (hiding).
  4405 | D:5      | 4405 ||| INVOKING Berserk.
  4579 | D:5      | Identified the +8 dagger of Beogh, Feeding {flame, rPois
                  | rC- Dex+4}
  4605 | D:5      | Noticed a water moccasin
  4614 | D:5      | 4614 ||| INVOKING Berserk.
  4615 | D:5      | Killed a water moccasin
  4616 | D:5      | Reached XP level 7. HP: 45/61 MP: 6/6
  5056 | D:5      | 5056 ||| Stepping ~*~*~tactically~*~*~ (hiding).
  5061 | D:5      | 5061 ||| INVOKING Berserk.
  5075 | D:5      | Reached skill level 10 in Axes
  5193 | D:5      | 5193 ||| DROPPING +0 whip.
  5361 | D:5      | 5361 ||| UPGRADING to +0 scale mail.
  5371 | D:5      | 5371 ||| DROPPING +0 ring mail.
  5372 | D:5      | 5372 ||| DRINKING 5 amethyst potions.
  5373 | D:5      | 5373 ||| READING 2 scrolls of identify.
  5373 | D:5      | 5373 ||| IDENTIFYING viscous puce potion
  5419 | D:6      | 5419 ||| INVOKING Berserk.
  5423 | D:6      | Reached skill level 6 in Fighting
  5560 | D:6      | Found a glowing golden altar of the Shining One.
  5570 | D:6      | 5570 ||| READING 2 scrolls of teleportation.
  5591 | D:6      | 5591 ||| READING scroll of teleportation.
  5603 | D:6      | 5603 ||| INVOKING Berserk.
  5806 | D:6      | Reached XP level 8. HP: 71/71 MP: 7/7
  5806 | D:6      | 5806 ||| Stepping ~*~*~tactically~*~*~ (hiding).
  5808 | D:6      | 5808 ||| Stepping ~*~*~tactically~*~*~ (hiding).
  5810 | D:6      | 5810 ||| Stepping ~*~*~tactically~*~*~ (stealth).
  5814 | D:6      | 5814 ||| INVOKING Berserk.
  5815 | D:6      | 5815 ||| INVOKING Berserk.
  5975 | D:6      | Reached skill level 11 in Axes
  5995 | D:6      | 5995 ||| FLEEEEING.
  6000 | D:6      | 6000 ||| STAIRDANCE
  6054 | D:6      | 6054 ||| INVOKING Berserk.
  6213 | D:6      | Found a bloodstained altar of Trog.
  6235 | D:6      | 6235 ||| INVOKING Berserk.
  6237 | D:6      | Reached skill level 3 in Armour
  6393 | D:6      | Found an iron altar of Okawaru.
  6452 | D:6      | Found Mwindo's Dragon-Slaying Spoils.
  6459 | D:6      | 6459 ||| SHOPLISTING +0 acid dragon scales (440 gold, have
                  | 277).
  6459 | D:6      | 6459 ||| SHOPLISTING +0 ice dragon scales (660 gold, have
                  | 277).
  6459 | D:6      | 6459 ||| SHOPLISTING +0 pearl dragon scales (1100 gold,
                  | have 277).
  6459 | D:6      | 6459 ||| SHOPLISTING +0 shadow dragon scales (880 gold,
                  | have 277).
  6459 | D:6      | 6459 ||| SHOPLISTING +0 swamp dragon scales (550 gold, have
                  | 277).
  6459 | D:6      | 6459 ||| SHOPLISTING +1 fire dragon scales (737 gold, have
                  | 277).
  6459 | D:6      | 6459 ||| SHOPLISTING +1 gold dragon scales (957 gold, have
                  | 277).
  6459 | D:6      | 6459 ||| SHOPLISTING +1 storm dragon scales (957 gold, have
                  | 277).
  6459 | D:6      | 6459 ||| SHOPLISTING +4 steam dragon scales of the Heavens
                  | {rF+++ Will+ Str+4} (1222 gold, have 277).
  6459 | D:6      | 6459 ||| SHOPLISTING quicksilver dragon scales of Velop
                  | {rN+ Will+ rCorr} (844 gold, have 277).
  6650 | D:6      | 6650 ||| Stepping ~*~*~tactically~*~*~ (stealth).
  6943 | D:6      | 6943 ||| UPGRADING to ring of protection from fire.
  6944 | D:6      | 6944 ||| READING scroll labelled ZYCALERGHUA.
  7104 | D:6      | 7104 ||| DRINKING 2 sapphire potions.
  7104 | D:6      | Gained mutation: You have hidden genetic potential. [potion
                  | of mutation]
  7104 | D:6      | Gained mutation: Your muscles are strong. (Str +4, Int/Dex
                  | -1) [potion of mutation]
  7104 | D:6      | Gained mutation: You have a pair of large horns on your
                  | head. [potion of mutation]
  7105 | D:6      | 7105 ||| DRINKING 2 brown potions.
  7106 | D:6      | 7106 ||| DROPPING potion of magic.
  7127 | D:7      | 7127 ||| Stepping ~*~*~tactically~*~*~ (stealth).
  7180 | D:7      | 7180 ||| INVOKING Berserk.
  7188 | D:7      | Reached skill level 12 in Axes
  7199 | D:7      | Noticed a two-headed ogre
  7202 | D:7      | HP: 16/71 [gnoll sergeant/+0 trident (10)]
  7202 | D:7      | HP: 5/71 [orc priest/divine providence (11)]
  7203 | D:7      | HP: 2/71 [gnoll bouda/+0 whip (3)]
  7203 | D:7      | Mangled by a gnoll sergeant

Levels and vault maps discovered:
D:1:      moated_graveyard_arrival, layout_basic,
          shapermc_ecumenical_altar_mp_highgroup
D:2:      layout_loops_ring, basic_altar, uniq_jessica
D:3:      layout_basic
D:4:      layout_layer_cave, grunt_ashenzari_visionary
          [grunt_ashenzari_visionary_swamp, grunt_ashenzari_visionary_spider],
          old_standard_altar, lemuel_blue_sif_altar,
          mainiacjoe_overflow_boulevard
D:5:      layout_basic, item_on_display_a
D:6:      layout_cave_pools, amcnicky_altar_gilded, okawaru_gym_becter,
          mainiacjoe_overflow_alcove_4, nicolae_shop_dragon_depot
D:7:      lemuel_castle_with_subvaults [lemuel_castle_interior_carwin_3],
          layout_loops_ring, elyvilon_altar_1,
          mainiacjoe_overflow_small_starburst, minmay_temple_entry_offerings,
          uniq_duvessa

Skill      XL: |  1  2  3  4  5  6  7  8 |
---------------+-------------------------+-----
Axes           | 4 5 6 7 8 9 10 12 | 12.0
Fighting       | 4 5 6 |  6.9
Armour         | 3 |  3.3
Dodging        | |  2.1

Action                   |  1- 3 |  4- 6 |  7- 9 || total
-------------------------+-------+-------+-------++-------
Melee: Hand axe          |    94 |   127 |   130 ||   351
       Headbutt          |    12 |    21 |    20 ||    53
       Punch             |     1 |     2 |       ||     3
Invok: Berserk           |       |     3 |     7 ||    10
  Use: Scroll            |     5 |     5 |     4 ||    14
       Potion            |     2 |     2 |     3 ||     7
Armor: Animal skin       |     9 |       |       ||     9
       Ring mail         |    15 |    44 |     4 ||    63
       Scale mail        |       |       |    18 ||    18
Dodge: Dodged            |    52 |    63 |    41 ||   156

Table legend:
 A = Non-vault XP
 B = Vault XP
 C = Vault XP percentage of total XP
 D = Non-vault monster count
 E = Vault monster count
 F = Vault count percentage of total count
                 A         B        C        D         E       F
            +---------+---------+-------+---------+---------+-------
      Total |    1855 |     512 |  21.6 |     116 |      12 |   9.4
            +---------+---------+-------+---------+---------+-------
        D:1 |      40 |       0 |   0.0 |      25 |       0 |   0.0
        D:2 |      46 |      37 |  44.6 |      18 |       1 |   5.3
        D:3 |     128 |       0 |   0.0 |      24 |       0 |   0.0
        D:4 |     271 |       0 |   0.0 |      13 |       0 |   0.0
        D:5 |     647 |       0 |   0.0 |      18 |       0 |   0.0
        D:6 |     723 |       0 |   0.0 |      18 |       0 |   0.0
        D:7 |       0 |     475 | 100.0 |       0 |      11 | 100.0
            +---------+---------+-------+---------+---------+-------
